 Dungeon Crawl Stone Soup version 0.27-a0-1051-g288ea87c7c (webtiles) character file.

Game seed: 9864268476422178081

156 sizableburger the Chucker (level 5, 0/41 HPs)
             Began as a Mummy Hunter on Apr 21, 2021.
             Slain by an adder (4 damage)
             ... on level 6 of the Dungeon.
             The game lasted 00:05:52 (2901 turns).

sizableburger the Chucker (Mummy Hunter)            Turns: 2901, Time: 00:05:53

Health: 0/41       AC:  3    Str: 17    XL:     5   Next: 14%
Magic:  5/5        EV: 11    Int: 10    God:
Gold:   121        SH:  0    Dex: 12    Spells: 4/4 levels left

rFire    x . .     SeeInvis .   j - +2 dagger (venom)
rCold    + . .     Faith    .   (no shield)
rNeg     + + +     Spirit   .   b - +0 leather armour
rPois    ∞         Reflect  .   (no helmet)
rElec    .         Harm     .   (no cloak)
rCorr    .         Rampage  .   (no gloves)
Will     .....                  (no boots)
Stlth    +.........             (no amulet)
HPRegen  0.13/turn              (no ring)
MPRegen  0.09/turn              (no ring)

@: no status effects
A: cold resistance 1, negative energy resistance 3, torment resistance 2,
unbreathing 1, heat vulnerability 1, no potions
a: no special abilities


You were on level 6 of the Dungeon.
You visited 1 branch of the dungeon, and saw 4 of its levels.

You collected 121 gold pieces.

Inventory:

Hand Weapons
 g - a +4 dagger
 i - a +0 hunting sling
 j - a +2 dagger of venom (weapon)
Missiles
 a - 15 poisoned darts
 c - 2 javelins
 d - a throwing net (quivered)
 k - 54 stones
Armour
 b - a +0 leather armour (worn)
Scrolls
 e - a scroll of fear
 f - 2 scrolls of noise


   Skills:
 + Level 3.5 Fighting
 + Level 2.1 Short Blades
 + Level 4.0 Throwing
 - Level 1.5 Dodging
 - Level 0.7 Stealth


You had 4 spell levels left.
You didn't know any spells.
Your spell library was empty.

Dungeon Overview and Level Annotations

Branches:
Dungeon (3/15)

Altars:

Annotations:
D:3 1 transporter


Innate Abilities, Weirdness & Mutations

You are immune to poison.
Your flesh is cold resistant. (rC+)
You are immune to negative energy. (rN+++)
You are immune to unholy pain and torment.
You can survive without breathing.
You are vulnerable to heat. (rF-)
You do not drink.


Message History

The water moccasin skeleton bites you.
* * * LOW HITPOINT WARNING * * *
Unknown command.
Throw: 5 javelins
Press: ? - help, Q - select action, (/) - cycle Shift-Dir - straight line, f - water moccasin skeleton
Aim: a water moccasin skeleton (68% to hit)
You throw a javelin.
The javelin pierces through the water moccasin skeleton!
The water moccasin skeleton is heavily damaged.
The javelin pierces through the centaur zombie!
The centaur zombie is heavily damaged.
The water moccasin skeleton closely misses you.
Throw: 4 javelins
Press: ? - help, Q - select action, (/) - cycle Shift-Dir - straight line, f/p - water moccasin skeleton
Aim: a water moccasin skeleton (heavily damaged, 68% to hit)
You throw a javelin.
The javelin barely misses the water moccasin skeleton.
The javelin pierces through the centaur zombie!
The centaur zombie is severely damaged.
The water moccasin skeleton closely misses you.
The water moccasin skeleton barely misses you.
Unknown command.
Throw: 3 javelins
Press: ? - help, Q - select action, (/) - cycle Shift-Dir - straight line, f/p - water moccasin skeleton
Aim: a water moccasin skeleton (heavily damaged, 68% to hit)
You throw a javelin.
The javelin barely misses the water moccasin skeleton.
The javelin pierces through the centaur zombie.
The centaur zombie is severely damaged.
Your surroundings suddenly seem different.
You start resting.
An adder comes into view.
An adder is nearby!
Throw: 2 throwing nets
Press: ? - help, Q - select action, (/) - cycle Shift-Dir - straight line, f - adder
Aim: an adder (wandering, hasn't noticed you, 42% to hit)
You throw a throwing net.
The throwing net closely misses the adder.
The adder bites you.
You die... # #.######### #(S@....... #.######### #

You could see an adder.

Vanquished Creatures
  An orc priest (D:3)
  An orc wizard (D:2)
  A gnoll (D:1)
  5 adders
  3 orcs
  3 bats
  2 endoplasms (D:2)
  3 giant cockroaches
  8 goblins
  5 hobgoblins
  2 quokkas (D:1)
  2 ball pythons (D:1)
  3 frilled lizards
  4 kobolds
  4 rats
47 creatures vanquished.

Notes
Turn   | Place    | Note
-------+----------+-------------------------------------------
     0 | D:1      | sizableburger the Mummy Hunter began the quest for the Orb.
     0 | D:1      | Reached XP level 1. HP: 16/16 MP: 1/1
   169 | D:1      | Reached XP level 2. HP: 23/23 MP: 2/2
   261 | D:1      | Reached skill level 1 in Short Blades
   653 | D:1      | Reached XP level 3. HP: 28/28 MP: 3/3
  1812 | D:2      | Reached XP level 4. HP: 24/35 MP: 4/4
  2254 | D:3      | Found a transporter.
  2257 | D:3      | Noticed a kobold demonologist
  2534 | D:3      | Reached skill level 4 in Throwing
  2534 | D:3      | Reached XP level 5. HP: 36/41 MP: 5/5
  2875 | D:3      | You fall into a shaft and drop 3 floors!
  2879 | D:6      | Noticed a centaur
  2901 | D:6      | Slain by an adder

Illustrated notes

Levels and vault maps discovered:
D:1:      grunt_arrival_crossed_arrows, layout_loops_ring, dk_noncrumbling_3,
          kennysheep_decorative_pillar, hangedman_decor_lopped
D:2:      layout_basic
D:3:      gammafunk_wand_slinger, layout_basic,
          grunt_temple_overflow_magic_moments, portal_sewer_entry_c,
          hellmonk_ghost_happy_afterlife,
          hellmonk_ecumenical_altar_pennies_from_heaven
D:6:      nicolae_whirlpool, layout_basic, uniq_menkaure

Skill      XL: |  1  2  3  4 |
---------------+-------------+-----
Short Blades   | 1 2 |  2.1
Fighting       | 3 |  3.5
Throwing       | 4 |  4.0
Dodging        | |  1.5
Stealth        | |  0.7

Action                   |  1- 3 |  4- 6 || total
-------------------------+-------+-------++-------
Melee: Dagger            |    70 |    35 ||   105
       Short sword       |     2 |       ||     2
Throw: Javelin           |    12 |    11 ||    23
       Throwing net      |       |     1 ||     1
  Use: Scroll            |       |     4 ||     4
Armor: Leather armour    |    14 |     9 ||    23
Dodge: Dodged            |    41 |    35 ||    76

Table legend: (Time is in decaauts)
 A = Elapsed time spent in this place.
 B = Non-inter-level travel time spent in this place.
 C = Inter-level travel time spent in this place.
 D = Time resting spent in this place.
 E = Time spent auto-exploring this place.
 F = Levels seen in this place.
 G = Mean time per level.
                   A        B        C        D        E       F      G
               +--------+--------+--------+--------+--------+-----+--------+
         Total |   2909 |   2500 |    409 |    797 |   1294 |   4 |  727.2 |
       Dungeon |   2909 |   2500 |    409 |    797 |   1294 |   4 |  727.2 |
               +--------+--------+--------+--------+--------+-----+--------+

Top non-repeatable levels by time:
     D:1: 1366 daAuts
     D:2: 1230 daAuts
     D:3: 286 daAuts
     D:6: 26 daAuts
